Map: Redshift LE

Players

Test - Winner!

  • Race: Terran Terran
  • League: Bronze
  • Spawn Location: 11:00

Hawkeye

  • Race: Zerg Zerg
  • League: Gold
  • Spawn Location: 7:00

VOD

Have the link to the VOD?

Description

Time

  • Played on: May 15, 2018, 4:24 p.m.
  • Length: 8:34
Show
View Real Time Build Order
Export as new Build Order

Test Terran - Winner!

Build Orders:  

Get SALT Encoding   

  12  0:00  SCV  
  13  0:12  SCV  
  14  0:19  Supply Depot  
  14  0:24  SCV  
  15  0:29  Refinery  
  15  0:41  SCV  
  16  0:50  Barracks  
  16  0:53  SCV  
  17  1:16  SCV  
  17  1:18  Barracks  
  18  1:28  SCV  
  19  1:37  Barracks Reactor  
  19  1:40  SCV  
  20  1:54  Command Center  
  20  2:05  Barracks Reactor  
  20  2:15  Engineering Bay  
  20  2:25  Marine x2  
  22  2:31  Supply Depot  
  22  2:43  Marine  
  23  2:52  Marine x2  
  23  2:56  Factory  
  25  3:01  Marine x2  
  27  3:10  Marine x2  
  29  3:17  SCV  
  29  3:18  Marine  
  29  3:19  Marine  
  32  3:28  Marine x2  
  32  3:33  Factory  
  34  3:41  Orbital Command  
  34  3:54  Marine x2  
  36  3:58  Hellion  
  36  3:59  Hellion  
  40  4:03  SCV  
  40  4:06  Barracks Reactor  
  41  4:20  Hellion  
  41  4:21  Hellion  
  45  4:41  Marine  
  46  5:00  Supply Depot  
  46  5:06  Supply Depot  
  46  5:22  Marine x3, Hellion x2  
  51  5:39  Marine x3  
  54  5:44  Hellion x2  
  57  5:57  Marine x3  
  52  6:05  Hellion x2  
  51  6:15  Marine x3  
  53  6:26  SCV, Hellion x2  
  56  6:33  Marine x3  
  47  6:48  Hellion  
  47  6:51  Marine x3  
  47  6:52  Hellion  
  52  7:07  SCV  
  52  7:08  SCV  
  53  7:09  Marine x3, Hellion  
  53  7:13  Hellion  
  60  7:20  SCV  
  62  7:27  Supply Depot  
  62  7:30  Orbital Command  
  62  7:34  SCV, Barracks Tech Lab  
  62  7:49  Marine x2, SCV, Cyclone  
  68  7:52  Supply Depot  
  68  7:58  SCV  
  69  8:01  SCV  
  70  8:13  Marine x3  
  70  8:14  SCV x2  
Show
View Real Time Build Order
Export as new Build Order

Hawkeye Zerg 

Build Orders: Hatch First 

Get SALT Encoding   

  12  0:01  Drone  
  13  0:09  Drone  
  14  0:17  Extractor  
  14  0:18  Drone  
  14  0:24  Overlord  
  14  0:51  Hatchery  
  14  0:56  Drone x2  
  15  1:03  Drone  
  16  1:22  Spawning Pool  
  16  1:24  Drone  
  16  1:28  Drone  
  17  1:47  Drone x2  
  19  2:03  Hatchery  
  18  2:11  Queen  
  20  2:18  Metabolic Boost  
  20  2:23  Drone  
  21  2:40  Drone x2  
  21  2:41  Queen  
  25  2:47  Drone  
  25  2:48  Drone  
  27  2:55  Overlord  
  26  3:15  Zergling x8  
  26  3:16  Overlord  
  30  3:22  Queen  
  33  3:27  Drone x2  
  34  3:45  Drone x4  
  34  3:46  Drone  
  39  3:59  Queen  
  41  4:05  Overlord  
  41  4:16  Queen, Roach Warren  
  42  4:23  Queen  
  44  4:26  Drone x3  
  44  4:27  Drone x2  
  45  4:42  Queen  
  45  4:44  Zergling x6  
  45  4:45  Overlord  
  41  5:30  Drone x4  
  41  5:31  Roach x6  
  41  5:32  Roach x2  
  41  5:33  Overlord  
  41  5:34  Overlord x2  
  29  6:07  Roach x5  
  29  6:08  Roach x4  
  28  6:43  Drone x5  
  28  6:44  Drone  
  29  7:07  Drone x2  
  31  7:16  Drone x2  
  33  7:43  Drone x4  
  33  7:44  Drone  
  38  7:51  Drone  
  38  7:53  Drone  
  40  8:08  Drone  
  40  8:10  Drone  
Tags
 
Add a new tag
Caveats
  • Supply blocks, unpowered buildings, or Contaminate may cause inaccurate times.
  • Supply counts are checked every 10 seconds.